 Dungeon Sprint DCSS version 0.31-a0-638-g26219f789d (webtiles) character file.

Game seed: 9997256271522782928

3853 Conn the Thaumaturge (level 10, -8/58 HPs)
             Began as an Octopode Fire Elementalist on Aug 26, 2023.
             Was a High Priest of Sif Muna.
             Mangled by a boulder beetle (36 damage)
             ... in the Dungeon (Sprint II: "The Violet Keep of Menkaure").
             The game lasted 00:10:48 (844 turns).

Conn the Thaumaturge (Octopode Fire Elementalist)    Turns: 844, Time: 00:10:51

Health: -8/58      AC:  1    Str:  7    XL:     10   Next: 18%
Magic:  5/27       EV: 15    Int: 23    God:    Sif Muna [*****.]
Gold:   507        SH:  5    Dex: 12    Spells: 15/35 levels left

rFire   + . .        (no weapon)
rCold   + . .        (no shield)
rNeg    . . .        (helmet restricted)
rPois   .            t - amulet of reflection
rElec   .            f - ring of protection from cold
rCorr   .            m - ring of fire
SInv    .            n - ring of protection from fire
Will    .....        o - ring of ice
Stlth   ++++++       (no ring)
HPRegen 0.29/turn    (no ring)
MPRegen 0.20/turn    (no ring)
                     (no ring)

%: no teleportation, reflection
@: on blink cooldown
A: almost no armour, amphibious, 8 rings, camouflage 1, gelatinous body 1,
nimble swimmer 1, tentacles
a: Renounce Religion, Channel Magic, Forget Spell, Divine Exegesis


You were in the Dungeon.
You worshipped Sif Muna.
Sif Muna was extremely pleased with you.
You visited 1 branch You collected 1145 gold pieces.
You spent 638 gold pieces at shops.

Inventory:

Jewellery
 f - a ring of protection from cold (left tentacle)
 m - a ring of fire (right tentacle)
 n - a ring of protection from fire (on tentacle)
 o - a ring of ice (on tentacle)
 s - an amulet of the acrobat
 t - an amulet of reflection (around mantle)
Scrolls
 h - 2 scrolls of amnesia
 i - 3 scrolls of blinking
 p - a scroll of revelation
 q - a scroll of enchant weapon
 u - 2 scrolls of fog
Potions
 a - 7 potions of magic
 b - 2 potions of curing
 c - 2 potions of heal wounds
 d - a potion of haste
 g - a potion of mutation
 j - 2 potions of lignification
 k - 2 potions of resistance
 l - 4 potions of enlightenment {unknown}
 r - a potion of degeneration


   Skills:
 + Level 1.2 Fighting
 + Level 6.0 Dodging
 + Level 7.6 Stealth
 + Level 0.7 Shields
 - Level 0.2 Unarmed Combat
 * Level 13.2 Spellcasting
 * Level 8.8 Conjurations
 * Level 1.4 Summonings
 * Level 2.6 Translocations
 + Level 12.4 Fire Magic
 * Level 1.4 Ice Magic
 + Level 0.4 Air Magic
 + Level 0.5 Poison Magic
 * Level 7.7 Invocations


You had 15 spell levels left.
You knew the following spells:

 Your Spells              Type           Power      Damage    Failure   Level
a - Foxfire               Conj/Fire      100%       2x1d9     1%          1
b - Scorch                Fire           100%       2d9       1%          2
c - Inner Flame           Hex/Fire       60%        N/A       1%          3
d - Flame Wave            Conj/Fire      77%        2d17      1%          4
e - Hailstorm             Conj/Ice       55%        3d12      1%          3
f - Blink                 Tloc           54%        N/A       1%          2
g - Mephitic Cloud        Conj/Pois/Air  30%        N/A       3%          3
h - Call Imp              Summ           42%        N/A       3%          2

Your spell library contained the following spells:

 Spells                   Type           Power      Damage    Failure   Level
 Magic Dart               Conj           100%       1d8       1%          1
 Lesser Beckoning         Tloc           54%        N/A       1%          2
 Volatile Blastmotes      Fire/Tloc      100%       2d18      1%          3
 Freeze                   Ice            100%       1d10      2%          1
 Gell's Gravitas          Tloc           27%        N/A       4%          3
 Teleport Other           Tloc           27%        N/A       4%          3
 Frozen Ramparts          Ice            64%        1d10      7%          3
 Starburst                Conj/Fire      38%        6d11      8%          6
 Manifold Assault         Tloc           27%        N/A       14%         4
 Plasma Beam              Fire/Air       30%        2x1d43    41%         6


Dungeon Overview and Level Annotations

Branches:
Dungeon (1/1)

Altars:
Cheibriados
Dithmenos
Elyvilon
Fedhas
Gozag
Hepliaklqana
Kikubaaqudgha
Makhleb
Nemelex Xobeh
Okawaru
Qazlal
Ru
Sif Muna
Trog
Uskayaw
Vehumet
Wu Jian
Xom
Yredelemnul
Zin
The Shining One
Jiyva
Lugonu

Shops:
D :[:(!(!=!?:![=[

Annotations:
D exclusions: ice statue and oklob plant, Roxanne


Innate Abilities, Weirdness & Mutations

You cannot wear most types of armour.
You are amphibious.
You can wear up to eight rings at the same time.
Your skin changes colour to match your surroundings (Stealth+).
Your rubbery body absorbs attacks. (AC +1, EV +1)
You are camouflaged when in or above water. (Stealth+)
You have tentacles for arms and can constrict up to eight enemies at once.


Message History

A wave of flame ripples out!
The flame wave engulfs the boulder beetle!!
The boulder beetle is severely wounded.
Unknown command.
A wave of flame ripples out!
The flame wave engulfs the boulder beetle!
The boulder beetle is almost dead.
You finish channelling waves of flame.
The boulder beetle is engulfed in a cloud of scalding steam.
Unknown command.
Unknown command.
Casting: Flame Wave (dangerous; 1% risk of failure)
Confirm with . or Enter, or press ? or * to list all spells.
Casting: Flame Wave (dangerous; 1% risk of failure)
Press: ? - help, Dir - look around, f - activate You feel a surge of power!
A wave of flame ripples out!
The flame wave engulfs the boulder beetle!
You kill the boulder beetle!
Sif Muna accepts your kill.
Sif Muna will now gift you books as you gain piety. (Press . to intensify the flame waves.)
The boulder beetle curls into a ball and begins rolling!
Your Spellcasting skill increases to level 13!
Your Summonings skill increases to level 1!
Your Ice Magic skill increases to level 1!
Unknown command.
Unknown command.
You enter the shallow water.
You see here a water moccasin corpse.
Casting: Flame Wave (dangerous; 1% risk of failure)
Confirm with . or Enter, or press ? or * to list all spells.
Okay, then.
The boulder beetle is engulfed in a cloud of scalding steam.
Casting: Flame Wave (dangerous; 1% risk of failure)
Confirm with . or Enter, or press ? or * to list all spells.
You blink.
Floosh!
The boulder beetle hits you!!!
Ouch! That really hurt!
You die...

.~## ....
############~~#+++#+++##
###########~~~.........#
##∩.......#~~~~.##'##..#
##.∩.....∩#~~~~###..##.####
##∩.∩...∩.#§~~~#.##..#....#
##.∩.∩...∩#○~####.#.####..##
##..∩.∩.∩.#B##.###'###.##..#
##...∩.∩..#@#..$##.##.†##†.#
##....⌠...'§'# #+.<.'##.†..#
##........#~#...##.##..##...
#▓▓▓▓▓▓▓###~##.###†###.##...
##)sG######§§####.#.####§~..
#[?s#$ ##~~~#.###.#~~§~~~
#∩P$+) #'#~##.#.##~~~~~~
#$(. $ #!#~~##'##~~§§≈≈§ #?$
####~~~~~~~~§~≈§≈


You could see a boulder beetle (rolling), a great orb of eyes and a redback.

Vanquished Creatures
  A boulder beetle (D)
  2 deep trolls (D)
  A yaktaur (D)
  3 polar bears (D)
  A hornet (D)
  2 wyverns (D)
  Menkaure (D)
  5 water moccasins (D)
  4 scorpions (D)
  A hell rat (D)
  3 worms (D)
24 creatures vanquished.

Vanquished Creatures (others)
  24 foxfires (D)
  12 tentacles (D)
36 creatures vanquished.

Grand Total: 60 creatures vanquished

Notes
Turn   | Place    | Note
-------+----------+-------------------------------------------
     0 | D        | Conn the Octopode Fire Elementalist began the quest for the
                  | Orb.
     0 | D        | Reached XP level 1. HP: 11/11 MP: 3/3
    23 | D        | Reached XP level 2. HP: 12/17 MP: 0/5
    35 | D        | Learned a level 2 spell: Scorch
    38 | D        | Noticed an ice statue
    40 | D        | Noticed a water moccasin
    40 | D        | Noticed a water moccasin
    45 | D        | Noticed Menkaure
    49 | D        | Killed Menkaure
    50 | D        | Reached skill level 5 in Spellcasting
    50 | D        | Reached XP level 3. HP: 12/21 MP: 0/9
    50 | D        | Reached XP level 4. HP: 16/27 MP: 0/11
    50 | D        | Reached XP level 5. HP: 18/31 MP: 0/12
    53 | D        | Found a blossoming altar of Fedhas.
    54 | D        | Found a white marble altar of Elyvilon.
    54 | D        | Found an opulent altar of Gozag.
    54 | D        | Found a burning altar of Makhleb.
    55 | D        | Found a shadowy altar of Dithmenos.
    55 | D        | Found a corrupted altar of Lugonu.
    56 | D        | Found a snail-covered altar of Cheibriados.
    56 | D        | Found an ancient bone altar of Kikubaaqudgha.
    56 | D        | Found a bloodstained altar of Trog.
    57 | D        | Found a viscous altar of Jiyva.
    57 | D        | Found a shimmering blue altar of Sif Muna.
    58 | D        | Found a hazy altar of Hepliaklqana.
    58 | D        | Found a sacrificial altar of Ru.
    59 | D        | Found a shimmering altar of Xom.
    60 | D        | Found a stormy altar of Qazlal.
    60 | D        | Found an ornate altar of the Wu Jian Council.
    60 | D        | Found a sparkling altar of Nemelex Xobeh.
    60 | D        | Found a hide-covered altar of Uskayaw.
    60 | D        | Found a basalt altar of Yredelemnul.
    60 | D        | Found a glowing golden altar of the Shining One.
    61 | D        | Found a radiant altar of Vehumet.
    61 | D        | Found an iron altar of Okawaru.
    61 | D        | Found a glowing silver altar of Zin.
    63 | D        | Noticed a water moccasin
    64 | D        | Noticed a water moccasin
    66 | D        | Became a worshipper of Sif Muna the Loreminder
    72 | D        | Learned a level 3 spell: Inner Flame
    77 | D        | Learned a level 4 spell: Flame Wave
    88 | D        | Noticed a kraken
   217 | D        | Learned a level 3 spell: Hailstorm
   234 | D        | Noticed a water moccasin
   246 | D        | Killed a water moccasin
   246 | D        | Killed a water moccasin
   247 | D        | Reached skill level 5 in Stealth
   247 | D        | Reached skill level 7 in Spellcasting
   247 | D        | Reached skill level 5 in Conjurations
   247 | D        | Reached XP level 6. HP: 7/36 MP: 5/16
   249 | D        | Killed a water moccasin
   249 | D        | Reached * piety under Sif Muna
   249 | D        | Noticed a polar bear
   250 | D        | Reached skill level 8 in Spellcasting
   253 | D        | Noticed a yaktaur
   255 | D        | Killed a polar bear
   256 | D        | Reached XP level 7. HP: 20/41 MP: 8/19
   257 | D        | Noticed a hornet
   259 | D        | Killed a yaktaur
   260 | D        | Reached skill level 5 in Dodging
   260 | D        | Reached skill level 9 in Spellcasting
   260 | D        | Reached skill level 10 in Fire Magic
   260 | D        | Reached XP level 8. HP: 24/46 MP: 2/21
   263 | D        | Killed a hornet
   263 | D        | Reached ** piety under Sif Muna
   400 | D        | Noticed a polar bear
   401 | D        | Noticed a polar bear
   407 | D        | Killed a polar bear
   408 | D        | Reached skill level 10 in Spellcasting
   408 | D        | Reached skill level 5 in Invocations
   409 | D        | Killed a polar bear
   507 | D        | Noticed a deep troll
   509 | D        | Noticed a deep troll
   511 | D        | Noticed a flying skull
   511 | D        | Noticed a flying skull
   511 | D        | Noticed a flying skull
   511 | D        | Noticed a flying skull
   511 | D        | Noticed a flying skull
   511 | D        | Noticed a flying skull
   516 | D        | Killed a deep troll
   517 | D        | Reached skill level 11 in Spellcasting
   517 | D        | Reached XP level 9. HP: 52/52 MP: 11/24
   523 | D        | Killed a deep troll
   523 | D        | Reached *** piety under Sif Muna
   524 | D        | Reached skill level 1 in Fighting
   524 | D        | Reached skill level 12 in Spellcasting
   665 | D        | Learned a level 2 spell: Blink
   668 | D        | Reached **** piety under Sif Muna
   669 | D        | Reached skill level 1 in Translocations
   730 | D        | Noticed a boulder beetle
   730 | D        | Noticed a boulder beetle
   743 | D        | Noticed Roxanne
   748 | D        | Found Etaxaud's Book Shop.
   748 | D        | Found Ruad's Antique Armour Shop.
   749 | D        | Found Jusoed's Magic Scroll Boutique.
   750 | D        | Found Guuleux's Distillery.
   750 | D        | Found Adocut's Antique Armour Shop.
   750 | D        | Found Kojear's Jewellery Shop.
   759 | D        | Found Ihytuico's Distillery.
   759 | D        | Found Paog's Weapon Boutique.
   759 | D        | Found Doasoeb's Jewellery Boutique.
   760 | D        | Found Kidif's Distillery.
   762 | D        | Found Qywuuhej's Distillery.
   762 | D        | Found Arischo's Antique Weapon Shop.
   762 | D        | Noticed an oklob plant
   768 | D        | Reached XP level 10. HP: 58/58 MP: 16/26
   768 | D        | Found Ysyng's Armour Shop.
   768 | D        | Found Hideikor's Book Shoppe.
   768 | D        | Found Hinov's Book Boutique.
   778 | D        | Noticed a great orb of eyes
   793 | D        | Bought a book of Minor Magic for 198 gold pieces
   797 | D        | Learned a level 3 spell: Mephitic Cloud
   800 | D        | Learned a level 2 spell: Call Imp
   806 | D        | Bought a book of Fire for 352 gold pieces
   809 | D        | Bought a potion of heal wounds for 55 gold pieces
   809 | D        | Bought a potion of lignification for 33 gold pieces
   839 | D        | Killed a boulder beetle
   839 | D        | Reached ***** piety under Sif Muna
   840 | D        | Reached skill level 13 in Spellcasting
   840 | D        | Reached skill level 1 in Summonings
   840 | D        | Reached skill level 1 in Ice Magic
   844 | D        | Mangled by a boulder beetle

Illustrated notes

Levels and vault maps discovered:
D:        the_violet_keep_of_menkaure [sprint2_stairs_cluster_1,
          sprint2_shoproom, sprint2_temple, sprint2_basic_supplies,
          sprint2_obstacle_6, sprint2_obstacle_7, sprint2_obstacle_2,
          sprint2_obstacle_1, sprint2_obstacle_4, sprint2_timed_cluster_1,
          sprint2_smallroom_cluster_1, sprint2_smallroom_final_cluster_1,
          sprint2_transparent_cluster_1, sprint2_second_timed_cluster_1,
          sprint2_sniper_area_1, sprint2_heavy_combat_area_1,
          sprint2_mutation_trap_area_1, sprint2_forest_area_1,
          sprint2_light_combat_area_1, sprint2_behind_water_1,
          sprint2_near_end_vault_1]

Skill      XL: |  1  2  3  4  5  6  7  8  9 10 |
---------------+-------------------------------+-----
Stealth        | 3 4 5 6 7 |  7.6
Fire Magic     | 4 6 8 9 10 11 12 | 12.4
Dodging        | 3 4 5 6 |  6.0
Spellcasting   | 5 7 8 9 11 12 13 | 13.2
Conjurations   | 3 5 6 7 8 |  8.8
Invocations    | 2 4 6 7 |  7.7
Fighting       | 1 |  1.2
Translocations | 2 |  2.6
Summonings     | 1 |  1.4
Ice Magic      | 1 |  1.4
Shields        | |  0.7
Unarmed Combat | |  0.2
Air Magic      | |  0.4
Poison Magic   | |  0.5

Action                     |  1- 3 |  4- 6 |  7- 9 | 10-12 || total
---------------------------+-------+-------+-------+-------++-------
  Melee: Unarmed           |     7 |       |     3 |       ||    10
         Constrict         |     4 |       |     2 |       ||     6
         Tentacles         |     3 |       |       |       ||     3
   Cast: Foxfire           |     7 |       |    13 |       ||    20
         Flame Wave        |       |     3 |     6 |     3 ||    12
         Scorch            |       |     3 |    14 |       ||    17
         Mephitic Cloud    |       |       |       |     2 ||     2
         Blink             |       |       |       |     1 ||     1
 Invoke: Channel Magic     |       |     1 |       |       ||     1
    Use: Potion            |     1 |     1 |     2 |       ||     4
         Scroll            |       |     7 |     1 |       ||     8
  Dodge: Dodged            |     1 |     4 |     6 |       ||    11
  Block: Other             |       |     3 |     2 |       ||     5

Table legend: (Time is in decaauts)
 A = Elapsed time spent in this place.
 B = Non-inter-level travel time spent in this place.
 C = Inter-level travel time spent in this place.
 D = Time resting spent in this place.
 E = Time spent auto-exploring this place.
 F = Levels seen in this place.
 G = Mean time per level.
                   A        B        C        D        E       F      G
               +--------+--------+--------+--------+--------+-----+--------+
         Total |    851 |    846 |      5 |    306 |      0 |   1 |  851.0 |
       Dungeon |    851 |    846 |      5 |    306 |      0 |   1 |  851.0 |
               +--------+--------+--------+--------+--------+-----+--------+

Top non-repeatable levels by time:
       D: 851 daAuts
